 Dungeon Crawl Stone Soup version 0.31-a0-965-g8a8ce12e04 (webtiles) character file.

Game seed: 283336037350290779

1278 Pixllover the Ruffian (level 8, -6/61 HPs)
             Began as a Gnoll Shapeshifter on Oct 26, 2023.
             Was an Initiate of Makhleb.
             Mangled by a gnoll sergeant zombie
             ... wielding a +1 trident of venom
              (7 damage)
             ... on level 5 of the Dungeon.
             The game lasted 00:11:00 (5814 turns).

Pixllover the Ruffian (Gnoll Shapeshifter)          Turns: 5814, Time: 00:11:01

Health: -6/61      AC:  6    Str: 23    XL:     8   Next: 54%
Magic:  13/13      EV: 13    Int:  9    God:    Makhleb [......]
Gold:   276        SH:  0    Dex: 11    Spells: 13/13 levels left

rFire   . . .        D - +4 flail (drain)
rCold   . . .        (no shield)
rNeg    . . .        a - +0 animal skin
rPois   .            (helmet currently unavailable)
rElec   .            (cloak currently unavailable)
rCorr   .            (gloves currently unavailable)
SInv    .            (boots currently unavailable)
Will    .....        (no amulet)
Stlth   ++           C - +6 ring of strength
HPRegen 0.30/turn    g - +4 ring of protection
MPRegen 0.13/turn

%: no passive effects
@: lethally poisoned (-6 -> -51), beast-form
A: beast (slay +4), fangs 1, strong nose, distributed training
a: Begin Untransformation, Renounce Religion


You were on level 5 of the Dungeon.
You worshipped Makhleb.
Makhleb was noncommittal.
You were a hulking beast.
You visited 2 branches of the dungeon, and saw 6 of its levels.
You also visited: Sewer.

You collected 366 gold pieces.
You spent 90 gold pieces at shops.

Inventory:

Hand Weapons
 D - a +4 flail of draining (weapon)
Missiles
 l - 18 poisoned darts (quivered)
Armour
 a - a +0 animal skin (worn)
Jewellery
 g - a +4 ring of protection (right hand)
 C - a +6 ring of strength (left hand)
Talismans
 c - a beast talisman (active)
 d - a flux talisman
Wands
 e - a wand of quicksilver (5)
 p - a wand of polymorph (11)
 r - a wand of charming (6)
Scrolls
 f - 2 scrolls of poison {unknown}
 h - 2 scrolls of brand weapon
 j - a scroll of vulnerability {unknown}
 k - 4 scrolls of teleportation
 m - 2 scrolls of blinking {unknown}
 s - 2 scrolls of amnesia {unknown}
 t - a scroll of enchant armour {unknown}
 u - 2 scrolls of revelation {unknown}
 w - a scroll of acquirement {unknown}
 y - 2 scrolls of fog {unknown}
 B - 2 scrolls of fear {unknown}
Potions
 b - a potion of lignification
 i - 2 potions of curing
 n - a potion of enlightenment {unknown}
 o - a potion of resistance
 q - a potion of might {unknown}
 x - 2 potions of attraction {unknown}
 z - a potion of heal wounds {unknown}
 A - 2 potions of brilliance {unknown}


   Skills:
 + Level 4.3 Fighting
 + Level 3.4 Short Blades
 + Level 3.4 Long Blades
 + Level 3.4 Axes
 + Level 3.4 Maces & Flails
 + Level 3.4 Polearms
 + Level 3.4 Staves
 + Level 3.4 Ranged Weapons
 + Level 3.4 Throwing
 + Level 3.4 Armour
 + Level 5.8 Dodging
 + Level 3.4 Stealth
 + Level 3.4 Shields
 + Level 7.4 Unarmed Combat
 + Level 3.4 Spellcasting
 + Level 2.8 Conjurations
 + Level 2.8 Hexes
 + Level 2.8 Summonings
 + Level 2.8 Necromancy
 + Level 2.8 Translocations
 + Level 2.8 Transmutations
 + Level 2.8 Fire Magic
 + Level 2.8 Ice Magic
 + Level 2.8 Air Magic
 + Level 2.8 Earth Magic
 + Level 2.8 Poison Magic
 + Level 3.8 Invocations
 + Level 3.4 Evocations
 + Level 7.3 Shapeshifting


You had 13 spell levels left.
You didn't know any spells.
Your spell library contained the following spells:

 Spells                   Type           Power      Damage    Failure   Level
 Apportation              Tloc           12%        N/A       9%          1
 Ensorcelled Hibernation  Hex/Ice        12%        N/A       14%         2
 Jinxbite                 Hex            12%        N/A       14%         2
 Anguish                  Hex/Necr       3%         N/A       65%         4
 Alistair's Intoxication  Tmut/Pois      4%         N/A       94%         5


Dungeon Overview and Level Annotations

Branches:
Dungeon (5/15)             Temple (1/1) D:4           Sewer (visited)

Altars:
Ashenzari
Cheibriados
Elyvilon
Fedhas
Gozag
Makhleb
Nemelex Xobeh
Qazlal
Ru
Sif Muna
Trog
Wu Jian
Xom
Yredelemnul
Zin
The Shining One

Annotations:
D:5 1 transporter


Innate Abilities, Weirdness & Mutations

You are a hulking beast.
Your limbs bulge with bestial killing power. (Slay +4)
You have very sharp teeth.
Your uncanny sense of smell can sniff out nearby items.
Your experience applies equally to all skills.


Message History

There is a stone staircase leading down here.
You climb downwards.
Level annotation: 2 transporters
There is a stone staircase leading up here.
There is an open door, spattered with blood here.
Partly explored, unvisited transporter.
Partly explored, unvisited transporter.
Things that are here:
a +0 short sword; a +0 robe Sorry, I don't know how to get there.
There is a transporter here.
You enter the transporter and appear at another place.
o - a potion of resistance You open the gate.
There is an open gate here.
You are engulfed in poison gas.
You are poisoned.
You feel very sick.
You bludgeon the ogre zombie!! You bite the ogre zombie.
The ogre zombie is heavily damaged.
You are engulfed in poison gas.
You are more poisoned.
You feel extremely sick. The ogre zombie closely misses you.
The gnoll sergeant zombie barely misses you.
You hit the ogre zombie.
The ogre zombie is heavily damaged.
You are engulfed in poison gas.
You are more poisoned.
You feel extremely sick. The ogre zombie misses you.
The gnoll sergeant zombie hits you from afar with a +2 spear of venom.
You feel better.
You are engulfed in poison gas.
You are poisoned.
You feel very sick.
You feel very sick.
The gnoll sergeant zombie closely misses you.
The ogre zombie hits you with a +0 giant club of venom!!
* * * LOW HITPOINT WARNING * * *
You are more poisoned.
The gnoll sergeant zombie hits you with a +1 trident of venom!
You die...

#..........# ##.
#..........# #..
#.######...# ##.#
#.########## ##..#
##.##°☼○°☼########
#..##
#..##☼☼°°○#°☼°☼°°# #.##
#.###○☼°°☼#☼°☼°°.####.#
#...#$$Z○Z☼.#(#°○#....#
#..©#©?.h○○...©☼°#©..##
##..#$$.Z☼°.#.#○.#..##
####○○°°○#°☼°☼°○#..#
##☼○°°☼#°○°☼☼°####
#°○○°☼######## #######


You could see 2 gnoll sergeant zombies and an ogre zombie.

Vanquished Creatures
  Eustachio (D:5)
  Edmund (D:5)
  A black bear (D:5)
  An ogre (D:5)
  2 kobold brigands (Sewer)
  A scorpion (D:5)
  2 jellies
  2 hounds (D:5)
  Ijyb (D:5)
  A gnoll bouda (D:5)
  4 iguanas
  Terence (D:3)
  4 orc wizards (D:5)
  8 adders
  4 gnolls (D:5)
  2 river rats (Sewer)
  5 worms
  A dart slug (D:2)
  12 orcs
  11 ball pythons
  9 endoplasms
  4 giant cockroaches
  7 goblins
  6 hobgoblins
  3 jackals (D:3)
  2 quokkas
  8 bats
  7 frilled lizards
  19 kobolds
  7 rats
137 creatures vanquished.

Notes
Turn   | Place    | Note
-------+----------+-------------------------------------------
     0 | D:1      | Pixllover the Gnoll Shapeshifter began the quest for the
                  | Orb.
     0 | D:1      | Reached XP level 1. HP: 17/17 MP: 1/1
    67 | D:1      | Reached XP level 2. HP: 16/23 MP: 2/2
   556 | D:1      | Reached XP level 3. HP: 18/28 MP: 3/3
   928 | D:2      | Found a sacrificial altar of Ru.
   958 | D:2      | Reached skill level 1 in Invocations
  1368 | D:2      | Reached skill level 1 in Short Blades
  1368 | D:2      | Reached skill level 1 in Long Blades
  1368 | D:2      | Reached skill level 1 in Axes
  1368 | D:2      | Reached skill level 1 in Maces & Flails
  1368 | D:2      | Reached skill level 1 in Polearms
  1368 | D:2      | Reached skill level 1 in Staves
  1368 | D:2      | Reached skill level 1 in Ranged Weapons
  1368 | D:2      | Reached skill level 1 in Throwing
  1368 | D:2      | Reached skill level 1 in Armour
  1368 | D:2      | Reached skill level 1 in Stealth
  1368 | D:2      | Reached skill level 1 in Shields
  1368 | D:2      | Reached skill level 1 in Spellcasting
  1368 | D:2      | Reached skill level 1 in Evocations
  1722 | D:3      | Noticed Terence
  1734 | D:3      | Killed Terence
  1735 | D:3      | Reached XP level 4. HP: 13/34 MP: 5/5
  1739 | D:3      | Reached skill level 1 in Conjurations
  1739 | D:3      | Reached skill level 1 in Hexes
  1739 | D:3      | Reached skill level 1 in Summonings
  1739 | D:3      | Reached skill level 1 in Necromancy
  1739 | D:3      | Reached skill level 1 in Translocations
  1739 | D:3      | Reached skill level 1 in Transmutations
  1739 | D:3      | Reached skill level 1 in Fire Magic
  1739 | D:3      | Reached skill level 1 in Ice Magic
  1739 | D:3      | Reached skill level 1 in Air Magic
  1739 | D:3      | Reached skill level 1 in Earth Magic
  1739 | D:3      | Reached skill level 1 in Poison Magic
  1953 | D:3      | Found Zin's Purification Station.
  1953 | D:3      | Found a glowing silver altar of Zin.
  1966 | D:3      | Bought a potion of curing for 90 gold pieces
  2047 | D:3      | Reached XP level 5. HP: 34/40 MP: 6/6
  2256 | D:3      | Found a shimmering altar of Xom.
  2575 | D:4      | Found an ornate altar of the Wu Jian Council.
  2878 | D:4      | Found a shimmering blue altar of Sif Muna.
  3121 | D:4      | Found a staircase to the Ecumenical Temple.
  3305 | D:4      | Found a blossoming altar of Fedhas.
  3620 | D:5      | Entered Level 5 of the Dungeon
  3682 | D:5      | Found a glowing drain.
  3694 | Sewer    | Entered a sewer
  3752 | Sewer    | Noticed a kobold brigand
  3764 | Sewer    | Killed a kobold brigand
  3765 | Sewer    | Reached skill level 5 in Dodging
  3765 | Sewer    | Reached XP level 6. HP: 37/47 MP: 8/8
  4351 | D:5      | Reached XP level 7. HP: 46/52 MP: 10/10
  4355 | D:5      | Found a stormy altar of Qazlal.
  4540 | D:5      | Noticed Ijyb
  4559 | D:5      | Killed Ijyb
  4737 | D:5      | Noticed Eustachio
  4755 | D:5      | Killed Eustachio
  4756 | D:5      | Reached XP level 8. HP: 44/60 MP: 12/12
  4993 | D:5      | Found a broken altar of Ashenzari.
  4999 | D:5      | Noticed Edmund
  5010 | D:5      | Killed Edmund
  5233 | D:5      | Found a transporter.
  5337 | D:5      | Found a transporter.
  5688 | Temple   | Entered the Ecumenical Temple
  5739 | Temple   | Became a worshipper of Makhleb the Destroyer
  5814 | D:5      | HP: 1/61 [ogre zombie/+0 giant club of venom (22)]
  5814 | D:5      | Mangled by a gnoll sergeant zombie

Illustrated notes

Levels and vault maps discovered:
D:1:      dpeg_arrival_tiny_g, layout_loops_cross, minmay_tetromino_o2
D:2:      layout_loops_corners, basic_altar, minmay_distorted
D:3:      layout_basic, zin_purify, mainiacjoe_overflow_alcove_2, uniq_terence
D:4:      layout_loops_corners, nicolae_overflow_crystal_walls,
          mainiacjoe_overflow_24_doors, mainiacjoe_overflow_alcove_4,
          minmay_temple_entry_from_below_a, minmay_misc_feat_hallway, hex_tiny
D:5:      gammafunk_cloud_chamber, layout_basic, marbit_many_paths,
          mainiacjoe_overflow_six_doors_small,
          mainiacjoe_sewer_entry_somewhere_in_here_2, minmay_misc_feat_x,
          corexii_shack, corner_web_ring, uniq_ijyb, uniq_eustachio, uniq_edmund
Temple:   nicolae_temple_superstar

Skill      XL: |  1  2  3  4  5  6  7 |
---------------+----------------------+-----
Invocations    | 1 2 3 |  3.8
Short Blades   | 1 2 3 |  3.4
Long Blades    | 1 2 3 |  3.4
Axes           | 1 2 3 |  3.4
Maces & Flails | 1 2 3 |  3.4
Polearms       | 1 2 3 |  3.4
Staves         | 1 2 3 |  3.4
Ranged Weapons | 1 2 3 |  3.4
Throwing       | 1 2 3 |  3.4
Armour         | 1 2 3 |  3.4
Stealth        | 1 2 3 |  3.4
Shields        | 1 2 3 |  3.4
Spellcasting   | 1 2 3 |  3.4
Evocations     | 1 2 3 |  3.4
Conjurations   | 1 2 |  2.8
Hexes          | 1 2 |  2.8
Summonings     | 1 2 |  2.8
Necromancy     | 1 2 |  2.8
Translocations | 1 2 |  2.8
Transmutations | 1 2 |  2.8
Fire Magic     | 1 2 |  2.8
Ice Magic      | 1 2 |  2.8
Air Magic      | 1 2 |  2.8
Earth Magic    | 1 2 |  2.8
Poison Magic   | 1 2 |  2.8
Fighting       | 3 4 |  4.3
Dodging        | 5 |  5.8
Unarmed Combat | 7 |  7.4
Shapeshifting  | 7 |  7.3

Action                     |  1- 3 |  4- 6 |  7- 9 || total
---------------------------+-------+-------+-------++-------
  Melee: Unarmed           |    89 |    46 |       ||   135
         Bite              |     8 |    11 |     8 ||    27
         Punch             |     5 |     4 |     2 ||    11
         War axe           |       |   115 |    64 ||   179
         Flail             |       |       |    12 ||    12
         Spear             |       |       |     2 ||     2
    Use: Potion            |     1 |       |     1 ||     2
         Scroll            |       |     4 |     1 ||     5
   Stab: Sleeping          |       |     2 |       ||     2
         Distracted        |       |       |     1 ||     1
 Armour: Animal skin       |    53 |    85 |    76 ||   214
  Dodge: Dodged            |    62 |   147 |    75 ||   284
   Form: Beast             |     2 |       |       ||     2
                           |     1 |       |       ||     1
         Flux              |     1 |       |       ||     1

Table legend: (Time is in decaauts)
 A = Elapsed time spent in this place.
 B = Non-inter-level travel time spent in this place.
 C = Inter-level travel time spent in this place.
 D = Time resting spent in this place.
 E = Time spent auto-exploring this place.
 F = Levels seen in this place.
 G = Mean time per level.
                   A        B        C        D        E       F      G
               +--------+--------+--------+--------+--------+-----+--------+
         Total |   5996 |   5655 |    341 |    602 |   3127 |   7 |  856.6 |
       Dungeon |   5154 |   4813 |    341 |    602 |   2818 |   5 | 1030.8 |
        Temple |     60 |     60 |      0 |      0 |      0 |   1 |   60.0 |
         Sewer |    781 |    781 |      0 |      0 |    309 |   1 |  781.0 |
               +--------+--------+--------+--------+--------+-----+--------+

Top non-repeatable levels by time:
     D:5: 1528 daAuts
     D:4: 1070 daAuts
     D:3: 898 daAuts
     D:2: 881 daAuts
   Sewer: 781 daAuts
     D:1: 775 daAuts
  Temple: 60 daAuts
